AoeStats
← 钓鱼佬

African Clearing

505223113Analyzed
4v4 RM · 24d ago on Sep 8, 2026· 38m 24s· 8 players
Game mode
Random Map
Map size
Large (8 player)
Population
200
Speed
Normal
Resources
Standard
Victory
Conquest
Starting age
Dark Age
Ending age
Imperial Age
RankedLock teamsTeams togetherTeam positionsShared explorationLock speedFull tech treeHidden civsTurbo modeCheats
Victory
Defeat
🇨🇳 Britons · China
1773
+7
🇨🇳 Turks · China
1562
+14
🇯🇵 Mongols · Japan
1562
+14
🇭🇰 Wei · Hong Kong SAR China
1465
+18
🇨🇱 Khmer · Chile
1603
-16
🇻🇳 Mongols · Vietnam
1574
-15
🇻🇳 Persians · Vietnam
1572
-15
1362
-7
JIJINz
7:59 Loom
10:53 Feudal Age
12:30 Double-Bit Axe
15:04 Forging
18:34 Scale Barding Armor
21:57 Castle Age
33:30 Wheelbarrow
32:40 Town Watch
32:57 Fletching
33:19 Horse Collar
33:56 Bodkin Arrow
34:17 Gold Mining
34:45 Stone Mining
36:47 Ballistics
36:33 Husbandry
37:19 Padded Archer Armor
37:37 Thumb Ring
青衫天子
13:46 Feudal Age
15:01 Double-Bit Axe
19:52 Castle Age
18:13 Fletching
18:23 Padded Archer Armor
18:56 Fishing Lines
19:46 Gold Mining
20:07 Crossbowman
20:43 Bodkin Arrow
20:58 Loom
20:58 Town Watch
22:07 Bow Saw
25:11 Horse Collar
28:44 Ballistics
31:52 Wheelbarrow
32:08 Gold Shaft Mining
32:07 Stone Mining
33:31 Hand Cart
33:38 Gillnets
36:54 Imperial Age
34:41 Leather Archer Armor
36:43 Coinage
36:59 Arbalester
37:39 Bracer
38:44 Chemistry
38:16 Banking
38:17 Ring Archer Armor
38:35 Yeomen
38:50 Guard Tower
38:58 Murder Holes
钓鱼佬
9:34 Loom
12:24 Feudal Age
12:58 Double-Bit Axe
16:39 Forging
18:01 Bloodlines
19:39 Scale Barding Armor
24:02 Horse Collar
30:27 Castle Age
31:14 Husbandry
31:42 Chain Barding Armor
33:05 Iron Casting
33:34 Bow Saw
34:24 Wheelbarrow
南园寺
11:10 Loom
12:56 Feudal Age
14:16 Double-Bit Axe
17:31 Castle Age
15:51 Gold Mining
18:44 Bow Saw
18:46 Horse Collar
18:58 Town Watch
25:53 Wheelbarrow
26:12 Scale Barding Armor
27:28 Stone Mining
28:08 Heavy Plow
31:38 Chain Barding Armor
31:52 Hand Cart
32:39 Forging
34:03 Iron Casting
36:38 Imperial Age
34:22 Bloodlines
35:26 Husbandry
36:44 Elite Tiger Cavalry
37:45 Conscription
38:37 Blast Furnace
38:49 Gold Shaft Mining
38:50 Stone Shaft Mining
timembh
12:50 Loom
14:47 Feudal Age
18:24 Castle Age
17:42 Horse Collar
20:33 Scale Barding Armor
23:33 Chain Barding Armor
24:46 Fletching
27:26 Forging
QNA | Apachai Hopachai
7:44 Loom
11:10 Feudal Age
11:40 Double-Bit Axe
12:19 Horse Collar
17:22 Forging
22:26 Scale Mail Armor
29:32 Castle Age
30:34 Husbandry
30:45 Bloodlines
33:03 Scale Barding Armor
34:11 Iron Casting
luanb10
12:15 Feudal Age
13:29 Double-Bit Axe
16:09 Castle Age
14:41 Fletching
26:37 Padded Archer Armor
26:35 Bodkin Arrow
29:14 Padded Archer Armor
32:05 Bow Saw
35:16 Wheelbarrow
36:35 Hand Cart
Ares_Hong Bang- Trieu Dynasty
6:55 Loom
13:21 Feudal Age
19:38 Castle Age
18:37 Double-Bit Axe
20:30 Wheelbarrow
25:47 Fletching
27:30 Padded Archer Armor
28:39 Bodkin Arrow
29:32 Ballistics
35:07 Fishing Lines
38:51 Imperial Age
36:42 Hand Cart
36:49 Horse Collar
38:25 Bow Saw
38:18 Heavy Plow
38:41 Leather Archer Armor
38:27 Scale Mail Armor
37:51 Pikeman
38:32 Squires
Connection lost

Rejoining the realm…

Still unreachable

The connection could not be restored.

Session expired

The server has moved on; the page needs a fresh start.